 Dungeon Crawl Stone Soup version 0.19-a0-599-g723c685 (webtiles) character file.

156633 Laan the Severer (level 17, -2/136 HPs)
             Began as a Mummy Fighter on June 11, 2016.
             Was the Champion of Hepliaklqana.
             Slain by an emperor scorpion (17 damage)
             ... on level 4 of the Spider Nest.
             The game lasted 01:20:50 (30265 turns).

Laan the Severer (Mummy Fighter)                   Turns: 30265, Time: 01:20:51

Health: -2/136     AC: 23    Str: 30    XL:     17   Next: 10%
Magic:  1/17       EV:  9    Int:  7    God:    Hepliaklqana [******]
Gold:   2812       SH: 17    Dex: 14    Spells: 0 memorised, 16 levels left

rFire  + + .     SeeInvis +     s - +14 obsidian axe {chop, +Fly Str+3 SInv *Curse} (curse)
rCold  + + +     Gourm    .     X - +3 chain mail {rC+}
rNeg   + + +     Faith    .     F - +5 buckler of Rienk {rF++ rCorr Dex-5}
rPois  ∞         Spirit   .     d - +0 helmet
rElec  .         Dismiss  .     E - +0 cloak "Locrofy" {rF+}
rCorr  +         Reflect  +     t - +2 pair of gloves of the Original Sin {rC++ rCorr Str+2 Slay-3}
SustAt .         Harm     .     O - +0 pair of boots
MR     ++...                    q - +5 amulet of reflection
Stlth  ..........               u - +6 ring of dexterity
                                n - +3 ring of slaying

@: mesmerised, very resistant to hostile enchantments, extremely unstealthy
A: no food or potions, fire vulnerability, cold resistance 1, negative energy
resistance 3, torment resistance, unbreathing, in touch with death 1, restore
body
a: Self-Restoration, Recall Ancestor, Ancestor Identity, Transference, Idealise,
Renounce Religion, Evoke Flight


You were on level 4 of the Spider Nest.
You worshipped Hepliaklqana.
Hepliaklqana was exalted by your worship.
You were not hungry.

You visited 5 branches of the dungeon, and saw 28 of its levels.
You also visited: Labyrinth and Sewer.

You collected 3344 gold pieces.
You spent 532 gold pieces at shops.

Inventory:

Hand Weapons
 a - a +3 war axe of electrocution
 b - a +3 eveningstar of venom
 s - the cursed +14 obsidian axe (weapon) {chop, +Fly Str+3 SInv *Curse}
   (You acquired it on level 6 of the Lair of Beasts)

   It inflicts extra damage upon your enemies.
   It affects your strength (+3).
   It lets you see invisible.
   It lets you fly.
   It may re-curse itself when equipped.
   It has a curse placed upon it.
 R - the +1 spear "Feontori" {holy, +Rage, unknown}
   (You found it on level 4 of the Lair of Beasts)

   It has been blessed by the Shining One to cause great damage to the undead
   and demons.
   It lets you go berserk.
Armour
 d - a +0 helmet (worn)
 k - a +0 plate armour
 t - the +2 pair of gloves of the Original Sin (worn) {rC++ rCorr Str+2 Slay-3}
   (You bought it in a shop on level 2 of the Orcish Mines)

   It affects your strength (+2).
   It affects your accuracy and damage with ranged weapons and melee attacks
   (-3).
   It greatly protects you from cold.
   It protects you from acid and corrosion.
 E - the +0 cloak "Locrofy" (worn) {rF+}
   (You bought it in a shop on level 2 of the Orcish Mines)

   It protects you from fire.
 F - the +5 buckler of Rienk (worn) {rF++ rCorr Dex-5}
   (You found it in a labyrinth)

   It affects your dexterity (-5).
   It greatly protects you from fire.
   It protects you from acid and corrosion.
 O - a +0 pair of boots (worn)
 X - a +3 chain mail of cold resistance (worn)
Jewellery
 c - a +3 amulet of reflection
 f - an uncursed ring of magical power
 m - an uncursed ring of resist corrosion
 n - a +3 ring of slaying (left hand)
 p - a +1 ring of slaying
 q - a +5 amulet of reflection (around neck)
 u - a +6 ring of dexterity (right hand)
 D - an uncursed amulet of dismissal
 L - a +3 ring of protection
 N - an uncursed ring of sustain attributes {unknown}
 P - an uncursed amulet of harm {unknown}
 Y - an uncursed ring of protection from cold {unknown}
Wands
 C - a wand of digging (13/24)
 Z - a wand of digging (14/24)
Scrolls
 e - 5 scrolls of magic mapping
 g - 18 scrolls of identify
 j - 3 scrolls of fear
 l - 2 scrolls of amnesia
 r - 2 scrolls of enchant armour
 w - 12 scrolls of remove curse
 B - 5 scrolls of torment
 H - 6 scrolls of recharging
 I - 3 scrolls of blinking
 T - 2 scrolls of teleportation


   Skills:
 + Level 13.1 Fighting
 * Level 18.0 Axes
 + Level 11.3 Armour
 + Level 11.1 Shields


You had 16 spell levels left.
You didn't know any spells.

Dungeon Overview and Level Annotations

Branches:
Dungeon (15/15)            Temple (1/1) D:7            Lair (6/6) D:10
  Swamp (0/4) Lair:3       Spider (4/4) Lair:4        Slime (0/5) Lair:6
    Orc (2/2) D:12            Elf (0/3) Orc:2        Vaults (0/5) D:13
 Depths (0/5) D:15

Altars:
Ashenzari
Cheibriados
Dithmenos
Elyvilon
Fedhas
Gozag
Hepliaklqana
Kikubaaqudgha
Makhleb
Nemelex Xobeh
Okawaru
Pakellas
Qazlal
Ru
Sif Muna
Trog
Uskayaw
Vehumet
Xom
Yredelemnul
Zin
The Shining One

Shops:
D:2 *   D:7 *   D:10 [   D:15 !   Orc:1 *   Orc:2 [:!%

Portals:
Pandemonium: Orc:2

Annotations:
D:4 exclusion: statue
D:15 exclusions: Roxanne and downstairs, Roxanne


Innate Abilities, Weirdness & Mutations

You do not eat or drink.
Your flesh is vulnerable to fire.
You are immune to poison.
Your flesh is cold resistant. (rC+)
You are immune to negative energy. (rN+++)
You are immune to unholy pain and torment.
You can survive without breathing.
You are in touch with the powers of death.
You can restore your body by infusing magical energy.


Message History

* * * LOW HITPOINT WARNING * * *
The ghost moth stares at you.
Eanasir barely misses the emperor scorpion.
You hit the emperor scorpion.
The emperor scorpion is almost dead.
You miss the emperor scorpion. You slice the hornet!!
The hornet is heavily wounded.
The emperor scorpion stings you but does no damage.
The emperor scorpion claws you but does no damage.
You block the emperor scorpion's attack.
You block the hornet's attack.
The orange demon stings you but does no damage.
You barely miss the emperor scorpion.
The emperor scorpion is almost dead.
You hit the hornet.
The hornet is severely wounded.
You hit the emperor scorpion but do no damage.
The tarantella bites your rust devil but does no damage.
The emperor scorpion stings you!
You die...

.^............
##..#.#.....#.#..#.....
#.!...#.$#^#........###
##....#<....#^..#.#..^..
#....................<..
......4s.#..............
....s..s§..#..#.......^.
.....#ys4..^..#.^....###
.....ys@3^..#...##.....#
#....4#R^^#^#.....#...##
##....#.....^.##.......^
#.)....................
##.#^..}..^^.......#...
#.#..#.#.^#....)#..^
...#....#..........##
#......./#.#.#.......
#..........$.#..#....


You could see 2 emperor scorpions, a ghost moth (invisible), an orange demon, a
hornet, 2 orb spiders, a tarantella, a friendly hellwing, a friendly rust devil,
a friendly smoke demon and the friendly Eanasir the knight.

Vanquished Creatures
  Nikola (Spider:2)
  Rupert (D:12)
  Frances (D:13)
  Kirke (D:14)
  Donald (Spider:2)
  3 ghost moths
  An orc warlord (Orc:2)
  A fire giant (D:15)
  Azrael (D:12)
  2 spark wasps
  A minotaur (Lab)
  Fannar (D:12)
  2 entropy weavers (Spider:1)
  8 vault guards (D:13)
  3 hydras
  A catoblepas (Lair:6)
  7 centaur warriors
  A tengu warrior (D:12)
  A death knight (D:11)
  5 orc high priests (Orc:2)
  3 death yaks
  Sonja (D:14)
  A sun demon (Orc:2)
  A skeletal warrior (D:12)
  The ghost of Arkorax the Poker, a novice OpBe of Trog (D:6)
  2 hill giants
  3 gelid demonspawn (Orc:2)
  A putrid demonspawn (Orc:2)
  A deep elf archer (D:13)
  26 wolf spiders
  4 orc knights (Orc:2)
  8 ugly things
  5 orc sorcerers (Orc:2)
  11 orb spiders
  5 cyclopes
  2 manticores (Lair:6)
  2 griffons
  A sixfirhy (Orc:2)
  10 elephants
  A moth of wrath (Spider:2)
  2 black mambas
  4 hornets
  A rust devil (Orc:2)
  A gargoyle (D:13)
  2 torpor snails
  A smoke demon (Orc:2)
  8 spiny frogs
  4 rime drakes
  2 efreet
  A rime drake (shapeshifter) (D:15)
  10 demonic crawlers
  A freezing wraith (D:11)
  3 komodo dragons
  14 jumping spiders
  A red devil (Orc:2)
  A tengu conjurer (D:12)
  4 trolls
  2 two-headed ogres
  5 blink frogs
  3 slime creatures
  A harpy skeleton (D:14)
  A meliai zombie (D:12)
  42 redbacks
  4 shadows
  Sigmund (D:4)
  A vampire (D:13)
  5 wraiths
  A ynoxinul (Orc:2)
  21 tarantellas
  4 hogs
  A fire elemental (D:12)
  24 yaks
  3 wyverns
  Grum (D:8)
  2 hungry ghosts
  A vampire mosquito (D:15)
  7 hippogriffs
  Menkaure (D:4)
  A human (D:7)
  6 wargs
  Edmund (D:5)
  A soldier ant (D:15)
  2 hell hounds (D:12)
  Duvessa (D:5)
  7 water moccasins
  6 porcupines
  34 orc warriors
  3 black bears
  6 ice beasts
  4 wasps
  4 phantoms
  An eye of draining (D:9)
  3 necrophages
  17 wolves
  4 ogres
  5 centaurs
  7 crocodiles
  A big kobold (D:9)
  11 giant frogs
  A gnoll sergeant (D:12)
  A wyvern zombie (D:11)
  Dowan (D:5)
  A wyvern skeleton (D:11)
  2 scorpions
  2 troll zombies (D:14)
  A water moccasin skeleton (D:9)
  6 killer bees
  An electric eel (Lair:1)
  3 howler monkeys
  7 wights
  7 crimson imps
  3 centaur zombies
  4 lava snakes (Lab)
  2 quasits
  3 human zombies (D:14)
  9 jellies
  23 orc wizards
  A giant frog skeleton (D:5)
  29 orc priests
  4 centaur skeletons
  7 hounds
  Ijyb (D:2)
  4 iguanas
  10 worker ants
  10 sheep
  2 hound skeletons
  A mummy (D:14)
  2 worker ant zombies
  15 gnolls
  21 adders
  42 river rats
  4 shadow imps
  2 oozes
  An adder skeleton (D:8)
  6 worms
  2 giant geckos
  86 orcs
  3 ball pythons (Sewer)
  6 giant cockroaches
  4 hobgoblins
  14 jackals
  26 kobolds
  5 quokkas
  20 bats
  4 giant newts
  14 goblins
  A jackal skeleton (D:5)
  A jackal zombie (D:8)
  A quokka skeleton (D:4)
  34 rats
  A butterfly (D:8)
  3 fungi
  A plant (D:10)
913 creatures vanquished.

Vanquished Creatures (collateral kills)
  Maud (D:10)
  2 ghost moths
  An emperor scorpion (Spider:4)
  A hydra (Lair:5)
  A centaur warrior (D:15)
  A death yak (Lair:6)
  An orc high priest (Orc:2)
  A fire crab (Lair:5)
  4 unseen horrors
  A hill giant (D:11)
  3 orb spiders
  11 wolf spiders
  4 ugly things
  A deep elf mage (D:15)
  A griffon (D:15)
  A manticore (D:13)
  3 elephants
  A black mamba (Lair:6)
  A rust devil (Orc:2)
  A spiny frog (Lair:3)
  A rime drake (shapeshifter) (D:13)
  A komodo dragon (Lair:6)
  A centaur skeleton (D:13)
  A freezing wraith (D:12)
  2 demonic crawlers
  10 jumping spiders
  A polar bear (Lair:6)
  A slime creature (D:12)
  6 blink frogs
  A boulder beetle (Spider:2)
  8 tarantellas
  13 redbacks
  A basilisk (D:15)
  3 hungry ghosts
  2 yaks
  4 hippogriffs
  2 vampire mosquitoes (D:15)
  2 wargs
  2 hell hounds (D:12)
  4 water moccasins
  2 porcupines
  A sky beast (D:15)
  4 orc warriors (Orc:2)
  An ogre (Orc:2)
  3 wasps
  A centaur (D:14)
  3 crocodiles
  2 giant frogs
  A wyvern zombie (D:9)
  A killer bee (D:9)
  2 electric eels
  A human zombie (D:14)
  2 orc priests (Orc:2)
  2 orc wizards
  An iguana (Lair:1)
  A sheep (Lair:6)
  3 river rats
  A giant gecko (D:11)
  12 orcs
  A quokka skeleton (D:8)
  A plant (D:10)
153 creatures vanquished.

Vanquished Creatures (others)
  A centaur warrior (D:13)
  A hornet (Spider:2)
  A tarantella (Spider:3)
  2 humans
  2 centaurs
  2 ancestors
  6 knights
  An orc (D:13)
  8 fungi
  A plant (Lair:3)
25 creatures vanquished.

Grand Total: 1091 creatures vanquished

Notes
Turn   | Place    | Note
--------------------------------------------------------------
     0 | D:1      | Laan the Mummy Fighter began the quest for the Orb.
     0 | D:1      | Reached XP level 1. HP: 18/18 MP: 1/1
   106 | D:1      | Reached skill level 2 in Axes
   223 | D:1      | Reached XP level 2. HP: 16/24 MP: 2/2
   783 | D:2      | Reached XP level 3. HP: 22/29 MP: 3/3
   864 | D:2      | Reached skill level 3 in Axes
   982 | D:2      | Noticed Ijyb
   999 | D:2      | Killed Ijyb
   999 | D:2      | Reached XP level 4. HP: 30/35 MP: 4/4
  1302 | D:2      | Reached skill level 4 in Axes
  1303 | D:2      | Found an opulent altar of Gozag.
  1308 | D:2      | Found Gozag's Platinum Reserve.
  1720 | D:3      | Noticed a moth of wrath
  1722 | D:3      | Found a bloodstained altar of Trog.
  1731 | D:3      | Reached XP level 5. HP: 37/41 MP: 5/5
  2103 | D:3      | Found a glowing silver altar of Zin.
  2187 | D:3      | Found a shadowy altar of Dithmenos.
  2541 | D:4      | Reached skill level 5 in Axes
  2542 | D:4      | Reached XP level 6. HP: 27/47 MP: 6/6
  2664 | D:4      | Noticed Sigmund
  2676 | D:4      | Killed Sigmund
  2676 | D:4      | Reached skill level 6 in Axes
  2676 | D:4      | Reached XP level 7. HP: 28/52 MP: 7/7
  2860 | D:4      | Found a radiant altar of Vehumet.
  2886 | D:4      | Noticed Menkaure
  2897 | D:4      | Killed Menkaure
  3190 | D:5      | Entered Level 5 of the Dungeon
  3230 | D:5      | Reached skill level 7 in Axes
  3255 | D:5      | Noticed Dowan
  3256 | D:5      | Noticed Duvessa
  3266 | D:5      | Killed Duvessa
  3266 | D:5      | Killed Dowan
  3348 | D:5      | Noticed Edmund
  3360 | D:5      | Killed Edmund
  3360 | D:5      | Reached XP level 8. HP: 35/58 MP: 8/8
  3365 | D:5      | Reached skill level 8 in Axes
  3771 | D:6      | Reached skill level 9 in Axes
  3775 | D:6      | Found a sparkling altar of Nemelex Xobeh.
  3839 | D:6      | Found a glowing drain.
  3858 | Sewer    | Entered a sewer
  4496 | D:6      | Found an ancient bone altar of Kikubaaqudgha.
  4689 | D:6      | Noticed Arkorax's ghost (novice OpBe)
  5045 | D:6      | Killed Arkorax's ghost
  5045 | D:6      | Reached skill level 10 in Axes
  5045 | D:6      | Reached XP level 9. HP: 28/63 MP: 9/9
  5919 | D:6      | Reached skill level 11 in Axes
  6077 | D:7      | Found a blossoming altar of Fedhas.
  6590 | D:7      | Found Quaqocs's General Store.
  6751 | D:7      | Found an oddly glowing altar of Pakellas.
  6753 | D:7      | Found a shattered altar of Ashenzari.
  6789 | D:7      | Found a staircase to the Ecumenical Temple.
  6824 | Temple   | Entered the Ecumenical Temple
  6894 | D:7      | Reached skill level 12 in Axes
  6894 | D:7      | Reached XP level 10. HP: 45/70 MP: 10/10
  7129 | D:8      | Found a hazy altar of Hepliaklqana.
  7149 | D:8      | Became a worshipper of Hepliaklqana
  7297 | D:8      | Found a snail-covered altar of Cheibriados.
  7316 | D:8      | Found a shimmering altar of Xom.
  7567 | D:8      | Noticed Grum
  7581 | D:8      | Killed Grum
  8097 | D:8      | Reached * piety under Hepliaklqana
  8963 | D:9      | Reached ** piety under Hepliaklqana
  8964 | D:9      | Remembered your ancestor Eanasir as a knight
  9163 | D:9      | Found a burning altar of Makhleb.
  9290 | D:9      | Killed an unseen horror
  9290 | D:9      | Reached skill level 5 in Fighting
  9290 | D:9      | Reached XP level 11. HP: 56/79 MP: 11/11
  9453 | D:10     | Entered Level 10 of the Dungeon
  9752 | D:10     | Found a staircase to the Lair.
  9982 | D:10     | Noticed Maud
 10005 | D:10     | Killed Maud
 10005 | D:10     | Reached skill level 13 in Axes
 10472 | D:10     | Found Eschemem's Armour Shop.
 10518 | D:10     | Reached *** piety under Hepliaklqana
 10984 | D:11     | Found a burning altar of Makhleb.
 11079 | D:11     | Noticed a hill giant
 11091 | D:11     | Killed a hill giant
 11091 | D:11     | Reached skill level 5 in Shields
 11130 | D:11     | Noticed a purple ugly thing
 11142 | D:11     | Killed a purple ugly thing
 11186 | D:11     | Found a labyrinth entrance.
 11199 | Lab      | Entered a labyrinth
 11335 | Lab      | Found an exit through the horrors of the Abyss.
 11346 | Lab      | Reached skill level 5 in Armour
 11801 | Lab      | Noticed a minotaur
 11818 | Lab      | Killed a minotaur
 11821 | Lab      | Got a transparent battleaxe {drain}
 11827 | Lab      | Identified the cursed +3 battleaxe of Fodimiept {drain, Dex+4} (You took it off a minotaur in a labyrinth)
 11865 | Lab      | Got a distressingly furry buckler
 11866 | Lab      | Identified the +5 buckler of Rienk {rF++ rCorr Dex-5} (You found it in a labyrinth)
 12043 | D:11     | Reached **** piety under Hepliaklqana
 12426 | D:12     | Noticed a centaur warrior
 12435 | D:12     | Killed a centaur warrior
 12609 | D:12     | Noticed a green ugly thing
 12624 | D:12     | Killed a green ugly thing
 12686 | Lair:1   | Entered Level 1 of the Lair of Beasts
 12947 | Lair:1   | Reached XP level 12. HP: 89/89 MP: 12/12
 13621 | Lair:2   | Reached ***** piety under Hepliaklqana
 14134 | Lair:3   | Found a staircase to the Swamp.
 14541 | D:12     | Noticed a death knight
 14549 | D:12     | Noticed a four-headed hydra
 14875 | D:11     | Killed a death knight
 14875 | D:11     | Reached skill level 14 in Axes
 15165 | D:12     | Killed a four-headed hydra
 15401 | D:12     | Noticed a tengu warrior
 15407 | D:12     | Killed a tengu warrior
 15428 | D:12     | Noticed Fannar
 15430 | D:12     | Found a staircase to the Orcish Mines.
 15439 | D:12     | Killed Fannar
 15926 | D:12     | Noticed Rupert
 15937 | D:12     | Killed Rupert
 15937 | D:12     | Gained mutation: You are in touch with the powers of death. [Mummy growth]
 15937 | D:12     | Gained mutation: You can restore your body by infusing magical energy. [Mummy growth]
 15937 | D:12     | Reached XP level 13. HP: 72/99 MP: 13/13
 16046 | D:12     | Noticed Azrael
 16067 | D:12     | Killed Azrael
 16503 | Orc:1    | Entered Level 1 of the Orcish Mines
 16755 | Orc:2    | Entered Level 2 of the Orcish Mines
 16961 | Orc:1    | Found Kameawae's Assorted Antiques.
 17123 | Orc:2    | Found a staircase to the Elven Halls.
 17359 | Orc:2    | Found Rotzafil's Distillery.
 17377 | Orc:2    | Found Bugaw's Food Emporium.
 18327 | Orc:2    | Reached skill level 15 in Axes
 19652 | Orc:2    | Found Lesaosil's Book Boutique.
 19652 | Orc:2    | Found a one-way gate leading to the halls of Pandemonium.
 19652 | Orc:2    | Found Poupigab's Antique Armour Shop.
 19665 | Orc:2    | Bought a pair of scorched gloves for 266 gold pieces
 19665 | Orc:2    | Bought a fine cloak for 266 gold pieces
 19667 | Orc:2    | Identified the +2 pair of gloves of the Original Sin {rC++ rCorr Str+2 Slay-3} (You bought it in a shop on level 2 of the Orcish Mines)
 19668 | Orc:2    | Identified the +0 cloak "Locrofy" {rF+} (You bought it in a shop on level 2 of the Orcish Mines)
 19765 | Orc:2    | Noticed an orc warlord
 19770 | Orc:2    | Reached XP level 14. HP: 108/108 MP: 14/14
 19788 | Orc:2    | Killed an orc warlord
 20070 | D:13     | Noticed Frances
 20096 | D:13     | Killed Frances
 20303 | D:13     | Reached skill level 10 in Fighting
 20894 | D:13     | Reached ****** piety under Hepliaklqana
 21037 | D:13     | Found a gate to the Vaults.
 21116 | D:13     | Reached skill level 16 in Axes
 21544 | D:14     | Noticed Kirke
 21562 | D:14     | Killed Kirke
 21789 | D:14     | Noticed Sonja
 21807 | D:14     | Killed Sonja
 22329 | D:14     | Found a basalt altar of Yredelemnul.
 22479 | D:15     | Entered Level 15 of the Dungeon
 22506 | D:15     | Reached XP level 15. HP: 71/117 MP: 15/15
 22507 | D:15     | Remembered your ancestor Eanasir wielding a demon trident
 22716 | D:15     | Found a staircase to the Depths.
 22717 | D:15     | Noticed a fire giant
 23000 | D:15     | Killed a fire giant
 23057 | D:15     | Found Ekiuporch's Distillery.
 23164 | D:15     | Noticed Roxanne
 23387 | D:15     | Found a glowing silver altar of Zin.
 24467 | Lair:4   | Found a hole to the Spider Nest.
 24540 | Lair:4   | Got a bone spear
 25832 | Lair:6   | Entered Level 6 of the Lair of Beasts
 25895 | Lair:6   | Found a staircase to the Slime Pits.
 26114 | Lair:6   | Identified a scroll of acquirement
 26286 | Lair:6   | Reached skill level 10 in Armour
 26334 | Lair:6   | Reached skill level 17 in Axes
 27009 | Spider:1 | Entered Level 1 of the Spider Nest
 27081 | Spider:1 | Reached skill level 10 in Shields
 27219 | Spider:1 | Reached XP level 16. HP: 102/127 MP: 16/16
 27714 | Spider:2 | Noticed Nikola
 27730 | Spider:2 | Noticed Donald
 27737 | Spider:2 | Killed Donald
 28141 | Spider:2 | Killed Nikola
 30154 | Spider:4 | Entered Level 4 of the Spider Nest
 30228 | Spider:4 | Reached XP level 17. HP: 104/136 MP: 6/17
 30245 | Spider:4 | Reached skill level 18 in Axes
 30265 | Spider:4 | Slain by an emperor scorpion

Vault maps used:
D:1:      mushboom_english_gardens
D:2:      wad_river_or_something, nicolae_gozag_zags_fifth_avenue, uniq_iyjb
D:3:      tgw_trog, grunt_dithmenos_smoke_and_mirrors, old_standard_altar,
          kennysheep_potato
D:4:      vehumet_statue, first_bread, uniq_menkaure, uniq_sigmund
D:5:      uniq_edmund, uniq_duvessa
D:6:      nemelex_xobeh_ov_fountains_minmay, kennysheep_mini_moat,
          portal_sewer_entry_d, minmay_misc_feat_roman, st_stairs_13,
          roderic_lattice_a
D:7:      kennysheep_mini, grunt_temple_overflow_open, minmay_temple_entry_mist,
          serial_shops, shop, grunt_livestock
D:8:      kennysheep_little_box, nicolae_overflow_crystal_walls,
          xom_butterflies, uniq_grum
D:9:      hangedman_cross_stitches, lemuel_doored_altar
D:10:     grunt_lair_entry_orc_guard_hut, serial_shops, shop, uniq_maud
D:11:     minmay_wavy_crystal, lab_entry_generic, bloody_makhleb
D:12:     minmay_orc_entry_guard_dogs, uniq_fannar, uniq_azrael, uniq_rupert
D:13:     lemuel_upstairs_altar, erik_vaults_2, minivault_28, uniq_frances
D:14:     lemuel_mausoleum_altar_yredelemnul, uniq_sonja, uniq_kirke
D:15:     grunt_enter_depths_giant_problem, serial_shops, shop, zin_angel,
          uniq_roxanne
Temple:   temple_eino_lava_8
Lair:1:   serial_bayou_shore_a
Lair:2:   grunt_megastairs_2
Lair:3:   swamp_mist_pool, lightli_volcano_entry_magma_tube,
          portal_ice_cave_rime, grunt_megastairs_3
Lair:4:   spider_nest_entry_webs, infiniplex_staircase_pool
Lair:5:   hangedman_lair_generics_rect
Lair:6:   hangedman_lair_in_review, slime_dummy,
          nicolae_lair_grove_arrangements, infiniplex_staircase_pool_2
Spider:1: hangedman_spider_tarantella_strand
Spider:2: uniq_nikola, uniq_donald
Spider:3: nicolae_spider_nook
Spider:4: guppyfry_spider_rune
Orc:1:    serial_shops, shop
Orc:2:    pf_orc_diabolical
Lab:      labyrinth_watery, labyrinth_lava_lair, labyrinth_fake_exit,
          lab_fountain, lab_hedge, nicolae_lab_do_over, nicolae_lab_lava,
          labyrinth_glass_1, nicolae_lab_t_cross
Sewer:    sewer_minmay_treatment

Skill      XL: |  1  2  3  4  5  6  7  8  9 10 11 12 13 14 15 16 17 |
---------------+----------------------------------------------------+-----
Axes           | 2 3 4 5 6 7 10 12 13 14 15 16 17 18 | 18.0
Shields        | 4 5 7 8 9 10 11 | 11.1
Armour         | 4 5 7 8 9 10 11 | 11.3
Fighting       | 5 6 8 9 10 12 13 | 13.1

Action                   |  1- 3 |  4- 6 |  7- 9 | 10-12 | 13-15 | 16-18 || total
-------------------------+-------+-------+-------+-------+-------+-------++-------
Melee: War axe           |   116 |   197 |   398 |   689 |  1105 |       ||  2505
       Eveningstar       |       |       |       |     5 |     7 |       ||    12
       Broad axe         |       |       |       |       |   102 |   337 ||   439
Invok: Ancestor Life: Kn |       |       |       |     1 |       |       ||     1
       Recall Ancestor   |       |       |       |     3 |       |     1 ||     4
Knight: Demon Tri        |       |       |       |       |     1 |       ||     1
Evoke: Wand              |       |       |       |     2 |       |       ||     2
  Use: Scroll            |       |     2 |     1 |    22 |     3 |     4 ||    32
 Stab: Distracted        |       |       |       |     6 |    11 |     6 ||    23
Armor: Scale mail        |    73 |    71 |    20 |       |       |       ||   164
       Chain mail        |       |       |    90 |   112 |       |   139 ||   341
       Plate armour      |       |       |       |   105 |   338 |    28 ||   471
Dodge: Dodged            |    38 |    49 |    52 |    98 |   167 |    91 ||   495
Block: Shield            |    60 |    87 |   316 |   290 |       |       ||   753
       Reflection        |       |       |    11 |     9 |    23 |       ||    43
       Buckler           |       |       |       |   163 |   693 |   321 ||  1177
